 Dungeon Crawl Stone Soup version 0.29-a0-506-ga2e7fffb44 (webtiles) character file.

Game seed: 6083299021195681359

900 avis the Fighter (level 8, -8/92 HPs)
             Began as an Ogre Transmuter on May 28, 2022.
             Mangled by an ogre
             ... wielding a +0 giant spiked club
              (38 damage)
             ... on level 5 of the Dungeon.
             The game lasted 00:24:47 (5205 turns).

avis the Fighter (Ogre Transmuter)                  Turns: 5205, Time: 00:24:47

Health: -8/92      AC:  2    Str: 15    XL:     8   Next: 7%
Magic:  9/12       EV: 19    Int: 14    God:
Gold:   277        SH:  0    Dex: 16    Spells: 5/13 levels left

rFire   . . .      SeeInvis .     - Unarmed
rCold   . . .      Faith    .   (shield currently unavailable)
rNeg    . . .      Spirit   .   (body armour currently unavailable)
rPois   x          Reflect  .   (helmet currently unavailable)
rElec   .          Harm     .   (cloak currently unavailable)
rCorr   .          Rampage  .   (gloves unavailable)
Will    +....                   (boots unavailable)
Stlth   +.........              (no amulet)
HPRegen 0.25/turn               f - ring of willpower
MPRegen 0.13/turn               (no ring)

@: spider-form
A: venomous fangs, tiny, unfitting armour, (tough skin 1)
a: End Transformation


You were on level 5 of the Dungeon.
You were a venomous arachnid creature.
You visited 2 branches of the dungeon, and saw 6 of its levels.

You collected 277 gold pieces.

Inventory:

Hand Weapons
 a - the +7 dagger "Varij" (melded) {venom, rElec rCorr Int+3}
   (You found it on level 2 of the Dungeon)

   It poisons the flesh of those it strikes.
   Int:       It affects your intelligence (+3).
   rElec:     It insulates you from electricity.
   rCorr:     It protects you from acid and corrosion.
 b - a +0 hunting sling
Missiles
 n - 14 poisoned darts
 r - 5 boomerangs
Armour
 w - a +1 robe of positive energy (melded)
Jewellery
 f - a ring of willpower (left front leg)
Wands
 s - a wand of charming (12)
Scrolls
 d - 2 scrolls of torment {unknown}
 g - 2 scrolls of enchant armour {unknown}
 i - 7 scrolls of identify {unknown}
 l - a scroll of brand weapon {unknown}
 o - a scroll of fear {unknown}
 q - a scroll of enchant weapon {unknown}
 u - a scroll of amnesia {unknown}
 v - a scroll of teleportation {unknown}
 x - a scroll of fog {unknown}
Potions
 c - 2 potions of flight {unknown}
 e - 6 potions of curing
 h - a potion of mutation {unknown}
 j - 3 potions of lignification
 k - a potion of haste {unknown}
 p - a potion of heal wounds {unknown}
 t - a potion of brilliance {unknown}


   Skills:
 * Level 9.1 Fighting
 - Level 2.0 Dodging
 - Level 5.0 Unarmed Combat
 - Level 3.0 Spellcasting
 - Level 2.0 Transmutations
 - Level 2.0 Poison Magic


You had 5 spell levels left.
You knew the following spells:

 Your Spells              Type           Power      Damage    Failure   Level
a - Beastly Appendage     Tmut           14%        N/A       24%         1
p - Spider Form           Tmut/Pois      7%         N/A       50%         3
q - Ice Form              Ice/Tmut       4%         N/A       92%         4

Your spell library contained the following spells:

 Spells                   Type           Power      Damage    Failure   Level
 Wereblood                Tmut           7%         N/A       32%         2
 Fulminant Prism          Conj/Hex       1%         3d6       98%         4
 Iskenderun's Mystic Bla  Conj/Tloc      2%         2d3       98%         4
 Lee's Rapid Deconstruct  Erth           1%         3d5*      100%        5


Dungeon Overview and Level Annotations

Branches:
Dungeon (5/15)             Temple (1/1) D:5

Altars:
Ashenzari
Cheibriados
Dithmenos
Elyvilon
Fedhas
Hepliaklqana
Kikubaaqudgha
Makhleb
Okawaru
Qazlal
Ru
Sif Muna
Trog
Uskayaw
Vehumet
Wu Jian
Xom
Yredelemnul
The Shining One

Shops:
D:3 *


Innate Abilities, Weirdness & Mutations

You are a venomous arachnid creature.
You have poisonous fangs.
You are tiny and dextrous.
Your spellcasting is less reliable in this form.
Your armour is entirely melded.
You are incapable of wielding weapons or throwing items.
You are too large for most types of armour.
((You have tough skin. (AC +1)))


Message History

Something hits you.
Casting: Beastly Appendage (safe; 8% risk of failure)
Confirm with . or Enter, or press ? or * to list all spells.
You grow a pair of large bovine horns.
Your feet morph into talons.
Something hits you.
You hit something. Your kick misses something. Your headbutt misses something.
Something hits you but does no damage.
You completely miss something. Your kick misses something.
Your headbutt misses something. Your punch misses something.
Something hits you but does no damage.
You barely miss something. You claw something. Something hits you.
You hit something.
Reactivating autopickup.
You feel a bit more experienced.
Training target 5.0 for Unarmed Combat reached!
Your Unarmed Combat skill increases to level 5!
You need to enable at least one skill for training.
Casting: Beastly Appendage (safe; 8% risk of failure)
Confirm with . or Enter, or press ? or * to list all spells.
Your horns disappear.
Your talons disappear.
You turn into a venomous arachnid creature.
The +7 dagger "Varij" {venom, rElec rCorr Int+3} melds into your body.
Your +1 robe of positive energy melds into your body.
The +7 dagger "Varij" {venom, rElec rCorr Int+3} stops dripping with poison.
You feel less protected from negative energy.
The orc hits you with a +0 mace.
You hit the orc but do no damage.
The orc is poisoned.
The orc is almost dead.
You kill the orc!
You barely miss the ogre.
The ogre hits you with a +0 giant spiked club!!!
You bite the ogre!
The ogre is poisoned.
The ogre is moderately wounded.
The ogre hits you with a +0 giant spiked club!
You hit the ogre.
The ogre looks as sick as possible!
The ogre is heavily wounded.
You hit the ogre but do no damage.
The ogre looks as sick as possible!
The ogre is severely wounded.
The ogre hits you with a +0 giant spiked club!!!
You die...

#..........)...##........#
...####...##+####........#
.### #...##.####........#
# #..................#
#.........<........#
#..............#####
###............#
#......#'##### #......#s#
########O# #l# ... .....
......# .......# ........#
...l......


You could see an ogre (extremely poisoned) and an iguana.

Vanquished Creatures
  Sigmund (D:4)
  A necrophage (D:4)
  4 scorpions (D:4)
  A howler monkey (D:5)
  A hound (D:4)
  2 orc priests
  Ijyb (D:4)
  An iguana (D:5)
  Natasha (twice) (D:3)
  2 orc wizards (D:5)
  Robin (D:2)
  3 adders
  A shadow imp (D:5)
  2 worms
  5 dart slugs
  17 orcs
  8 endoplasms
  2 giant cockroaches
  14 goblins
  6 hobgoblins
  4 jackals (D:3)
  8 kobolds
  4 quokkas
  4 ball pythons
  A bat (D:2)
  7 frilled lizards
  3 rats
106 creatures vanquished.

Notes
Turn   | Place    | Note
-------+----------+-------------------------------------------
     0 | D:1      | avis the Ogre Transmuter began the quest for the Orb.
     0 | D:1      | Reached XP level 1. HP: 19/19 MP: 3/3
   123 | D:1      | Reached skill level 2 in Fighting
   208 | D:1      | Reached XP level 2. HP: 29/29 MP: 3/5
   282 | D:1      | Reached skill level 3 in Fighting
  1009 | D:1      | Reached XP level 3. HP: 31/37 MP: 4/6
  1466 | D:2      | Found a faded altar of an unknown god.
  1637 | D:2      | Identified the +7 dagger "Varij" {venom, rElec rCorr Int+3}
  1644 | D:2      | Learned a level 3 spell: Spider Form
  1814 | D:2      | Noticed Robin
  1822 | D:2      | Killed Robin
  1824 | D:2      | Reached XP level 4. HP: 8/48 MP: 4/8
  1832 | D:2      | Reached skill level 4 in Fighting
  2496 | D:3      | Found Xanodwud's Assorted Antiques.
  3100 | D:4      | Noticed Natasha
  3100 | D:4      | Noticed a necrophage
  3109 | D:3      | Killed Natasha
  3110 | D:3      | Reached skill level 5 in Fighting
  3115 | D:4      | Noticed a scorpion
  3120 | D:4      | Killed a necrophage
  3121 | D:4      | Reached skill level 1 in Poison Magic
  3121 | D:4      | Reached XP level 5. HP: 33/59 MP: 7/9
  3126 | D:4      | Reached skill level 6 in Fighting
  3126 | D:4      | Reached XP level 6. HP: 25/68 MP: 8/10
  3286 | D:4      | Noticed Ijyb
  3303 | D:4      | Killed Ijyb
  3304 | D:4      | Reached skill level 7 in Fighting
  3792 | D:4      | Reached XP level 7. HP: 77/79 MP: 11/11
  3808 | D:3      | Noticed Natasha
  3813 | D:3      | Killed Natasha
  3959 | D:4      | Reached skill level 8 in Fighting
  4205 | D:4      | Noticed Sigmund
  4227 | D:4      | Killed Sigmund
  4228 | D:4      | Reached skill level 9 in Fighting
  4598 | D:5      | Entered Level 5 of the Dungeon
  4626 | D:5      | Found a staircase to the Ecumenical Temple.
  4637 | Temple   | Entered the Ecumenical Temple
  4925 | D:5      | Found a hide-covered altar of Uskayaw.
  4925 | D:5      | Found a glowing golden altar of the Shining One.
  4926 | D:5      | Found a basalt altar of Yredelemnul.
  4940 | D:5      | Learned a level 4 spell: Ice Form
  5115 | D:5      | Reached XP level 8. HP: 80/92 MP: 12/12
  5200 | D:5      | Reached skill level 5 in Unarmed Combat
  5205 | D:5      | Mangled by an ogre

Illustrated notes

Levels and vault maps discovered:
D:1:      lightli_arrival_statuegarden, layout_rooms
D:2:      layout_basic, dreamdust_ecumenical_altar_statues,
          grunt_decor_resistance, uniq_robin
D:3:      layout_loops_ring, serial_shops, nicolae_shop_crystal
D:4:      layout_basic, minmay_misc_feat_roman, minmay_cut_off, uniq_ijyb,
          uniq_sigmund, uniq_natasha
D:5:      layout_basic, gammafunk_temple_overflow_forgotten,
          minmay_temple_entry_waves, serial_rivers,
          chequers_serial_rivers_micro_b, chequers_serial_rivers_room_b,
          chequers_serial_rivers_room_a, chequers_serial_rivers_large_b,
          chequers_serial_rivers_small_a, chequers_serial_rivers_micro_c
Temple:   nicolae_temple_elliptical

Skill      XL: |  1  2  3  4  5  6  7  8 |
---------------+-------------------------+-----
Fighting       | 2 3 5 6 7 9 |  9.1
Unarmed Combat | 3 4 5 |  5.0
Transmutations | 2 |  2.0
Spellcasting   | 3 |  3.0
Poison Magic   | 1 2 |  2.0
Dodging        | 2 |  2.0

Action                   |  1- 3 |  4- 6 |  7- 9 || total
-------------------------+-------+-------+-------++-------
Melee: Unarmed           |    67 |       |    10 ||    77
       Headbutt          |    16 |     6 |    11 ||    33
       Kick              |    23 |    20 |    20 ||    63
       Dagger            |    22 |    91 |    73 ||   186
       Punch             |       |     3 |     5 ||     8
 Fire: Hunting sling     |    10 |    27 |       ||    37
 Cast: Beastly Appendage |    25 |    17 |    14 ||    56
       Spider Form       |       |       |     2 ||     2
  Use: Potion            |       |     1 |       ||     1
 Stab: Sleeping          |     1 |       |       ||     1
Armor: Robe              |    25 |    17 |    10 ||    52
Dodge: Dodged            |    33 |    53 |    18 ||   104

Table legend: (Time is in decaauts)
 A = Elapsed time spent in this place.
 B = Non-inter-level travel time spent in this place.
 C = Inter-level travel time spent in this place.
 D = Time resting spent in this place.
 E = Time spent auto-exploring this place.
 F = Levels seen in this place.
 G = Mean time per level.
                   A        B        C        D        E       F      G
               +--------+--------+--------+--------+--------+-----+--------+
         Total |   5211 |   4847 |    364 |   1703 |   2032 |   6 |  868.5 |
       Dungeon |   5002 |   4660 |    342 |   1703 |   1864 |   5 | 1000.4 |
        Temple |    209 |    187 |     22 |      0 |    168 |   1 |  209.0 |
               +--------+--------+--------+--------+--------+-----+--------+

Top non-repeatable levels by time:
     D:2: 1347 daAuts
     D:4: 1269 daAuts
     D:1: 1130 daAuts
     D:3: 855 daAuts
     D:5: 399 daAuts
  Temple: 209 daAuts
